cohdb
Replays
Latest Replays
All Replays
Popular Replays
Top Player Replays
Match Explorer
How It Works
Community
CoH3 Stats
Reddit
Sign in to upload your games and track your stats! →
Sign in with Steam
Match 45157611
Unlisted
Match 45157611
Overview
Messages
Build Orders
End
Vickers Machine Gun Team
Vickers Machine Gun Team
Construct Section Command Post
Infantry Section
Grenade Package
Infantry Section
Infantry Section
Construct Platoon Command Post
CMP 15cwt Truck
6-pounder Anti-tank Gun Team
Vickers Machine Gun Team
Construct Company Command Post
Unlock M3 Grant Medium Tanks
Infantry Training
M3 Grant Medium Tank
Selects Air and Sea Battlegroup
Selects Supply Surplus
Selects UNKNOWN (223837)
Selects Naval Bombardment
Naval Bombardment
M3 Grant Medium Tank
Foot Guards Section
Foot Guards Section
Selects Commando Section Paradrop
Selects M1 Pack Howitzer Paradrop
Foot Guards Section
RitraXP
alex You
風吹草枝襬
framerryu
dalow
elFje
Lord Castellan Majorian
THE FUTURE IS NOW OLD MAN
0
0
Comments
sign in to comment!
No comments posted yet!